 Dungeon Crawl Stone Soup version 0.21-a0-128-gf2b353c (webtiles) character file.

144 GlassEater the Bolt Thrower (level 5, -1/32 HPs)
             Began as a Kobold Hunter on July 17, 2017.
             Slain by an adder (4 damage)
             ... on level 2 of the Dungeon.
             The game lasted 00:05:16 (2272 turns).

GlassEater the Bolt Thrower (Kobold Hunter)         Turns: 2272, Time: 00:05:16

Health: -1/32      AC:  3    Str: 11    XL:     5   Next: 51%
Magic:  5/5        EV: 16    Int: 12    God:
Gold:   119        SH:  0    Dex: 15    Spells: 4/4 levels left

rFire    . . .     SeeInvis .   b - +0 short sword
rCold    . . .     Gourm    .   (shield restricted)
rNeg     . . .     Faith    .   c - +0 leather armour
rPois    .         Spirit   .   (no helmet)
rElec    .         Reflect  .   (no cloak)
rCorr    .         Harm     .   (no gloves)
MR       .....                  (no boots)
Stlth    ++........             (no amulet)
HPRegen  0.10/turn              (no ring)
MPRegen  0.09/turn              (no ring)

@: lethally poisoned (-1 -> -22)
A: carnivore 3
a: no special abilities


You were on level 2 of the Dungeon.
You were completely stuffed.

You visited 1 branch of the dungeon, and saw 3 of its levels.

You collected 119 gold pieces.

Inventory:

Hand Weapons
 a - a +1 hand crossbow
 b - a +0 short sword (weapon)
Missiles
 d - 41 bolts
Armour
 c - a +0 leather armour (worn)
Scrolls
 e - 6 scrolls of identify {unknown}
 i - 2 scrolls of enchant armour {unknown}
 l - a scroll of magic mapping {unknown}
 m - a scroll of remove curse {unknown}
 n - a scroll of blinking {unknown}
Potions
 j - 2 potions of curing
 k - a potion of agility {unknown}
 p - a potion of berserk rage {unknown}
Comestibles
 f - 2 meat rations
 g - a royal jelly
 o - 2 chunks of flesh


   Skills:
 + Level 2.8 Fighting
 + Level 2.4 Short Blades
 + Level 5.9 Crossbows
 + Level 0.7 Armour
 + Level 3.7 Dodging
 + Level 2.1 Stealth


You had 4 spell levels left.
You didn't know any spells.

Dungeon Overview and Level Annotations

Branches:
Dungeon (3/15)

Altars:
Ashenzari
Ru


Innate Abilities, Weirdness & Mutations

You are small and have problems with some larger weapons.
You are carnivorous and can eat meat at any time.


Message History

You feel sick. The adder bites you.
You are more poisoned.
The adder poisons you! The worker ant closely misses you. The adder bites you.
You are more poisoned.
The adder poisons you!
You feel sick. The worker ant bites you! The adder completely misses you.
The worker ant completely misses you.
You climb upwards.
You feel sick.
There is a stone staircase leading down here.
You hit the adder.
The adder is moderately wounded.
You feel sick. The adder barely misses you. The worker ant bites you.
* * * LOW HITPOINT WARNING * * *
You are more poisoned.
The worker ant poisons you!
You barely miss the adder.
The adder is moderately wounded.
* * * LOW HITPOINT WARNING * * *
You feel sick. The adder bites you.
You die...

##############
#...a@S......#
#.##########.#
#.# #.#
###.#### #.#
#### #%.....#
#.######...
###.#.##.#
#..........
#..#..##.#
#.######...
#.#.####.#
#####..## ####
##.#.#
#.###.......###


You could see a worker ant and an adder.

Vanquished Creatures
  Jessica (D:2)
  Terence (D:2)
  A gnoll (D:1)
  2 adders (D:2)
  An ooze (D:2)
  A dart slug (D:2)
  A leopard gecko (D:2)
  2 ball pythons
  10 bats
  5 giant cockroaches
  5 goblins
  8 hobgoblins
  A quokka (D:2)
  2 frilled lizards
  9 kobolds
  5 rats
55 creatures vanquished.

Notes
Turn   | Place    | Note
-------+----------+-------------------------------------------
     0 | D:1      | GlassEater the Kobold Hunter began the quest for the Orb.
     0 | D:1      | Reached XP level 1. HP: 12/12 MP: 1/1
    52 | D:1      | Reached skill level 5 in Crossbows
    52 | D:1      | Reached XP level 2. HP: 6/18 MP: 2/2
   222 | D:1      | Reached skill level 1 in Short Blades
   339 | D:1      | Reached XP level 3. HP: 22/22 MP: 3/3
  1460 | D:2      | Reached XP level 4. HP: 27/27 MP: 4/4
  1483 | D:2      | Found a shattered altar of Ashenzari.
  1497 | D:2      | Noticed Terence
  1784 | D:2      | Found a sacrificial altar of Ru.
  2086 | D:2      | Noticed Jessica
  2088 | D:2      | Killed Jessica
  2088 | D:2      | Reached XP level 5. HP: 31/31 MP: 5/5
  2211 | D:2      | Killed Terence
  2272 | D:2      | Slain by an adder

Vault maps used:
D:1:      lightli_arrival_maybe_door_vault
D:2:      evilmike_ruin_ashenzari, lemuel_crystal_altar, first_bread,
          minmay_pentomino_u2, uniq_jessica, uniq_terence
D:3:      minmay_diamond_boxcup, serial_bayou_pond_b

Skill      XL: |  1  2  3  4 |
---------------+-------------+-----
Crossbows      | 5 |  5.9
Short Blades   | 1 2 |  2.4
Dodging        | 3 |  3.7
Stealth        | 2 |  2.1
Fighting       | |  2.8
Armour         | |  0.7

Action                   |  1- 3 |  4- 6 || total
-------------------------+-------+-------++-------
Melee: Short sword       |    94 |    93 ||   187
 Fire: Hand crossbow     |    31 |     1 ||    32
  Use: Potion            |       |     2 ||     2
 Stab: Sleeping          |     1 |     3 ||     4
  Eat: Chunk             |    10 |     3 ||    13
Armor: Leather armour    |    29 |    31 ||    60
Dodge: Dodged            |   126 |   132 ||   258
